 Dungeon Crawl Stone Soup version 0.27-a0-1200-g94dc6ad4cf (webtiles) character file.

Game seed: 16791079229544980752

501 Delamore the Poker (level 7, 0/56 HPs)
             Began as a Formicid Fighter on May 29, 2021.
             Slain by Pikel
             ... wielding a +0 whip of flaming
              (2 damage)
             ... on level 5 of the Dungeon.
             The game lasted 00:05:55 (4601 turns).

Delamore the Poker (Formicid Fighter)               Turns: 4601, Time: 00:05:56

Health: 0/56       AC:  9    Str: 22    XL:     7   Next: 40%
Magic:  7/7        EV:  9    Int:  8    God:
Gold:   204        SH:  9    Dex: 10    Spells: 6/6 levels left

rFire    . . .     SeeInvis +   a - +0 trident
rCold    . . .     Faith    .   c - +0 kite shield
rNeg     . . .     Spirit   .   e - +3 leather armour
rPois    .         Reflect  .   (helmet unavailable)
rElec    .         Harm     .   h - +0 cloak
rCorr    .         Rampage  .   q - +1 pair of gloves
Will     .....                  (no boots)
Stlth    +.........             (no amulet)
HPRegen  0.18/turn              (no ring)
MPRegen  0.10/turn              (no ring)

@: no status effects
A: permanent stasis, dig shafts and tunnels, antennae 3, four strong arms
a: Dig, Shaft Self


You were on level 5 of the Dungeon.
You visited 1 branch of the dungeon, and saw 5 of its levels.

You collected 204 gold pieces.

Inventory:

Hand Weapons
 a - a +0 trident (weapon)
Missiles
 k - 20 poisoned darts (quivered)
Armour
 b - a +0 scale mail
 c - a +0 kite shield (worn)
 e - a +3 leather armour (worn)
 h - a +0 cloak (worn)
 q - a +1 pair of gloves (worn)
Jewellery
 j - a ring of protection from cold
Wands
 p - a wand of iceblast (9)
Scrolls
 g - 2 scrolls of enchant armour {unknown}
 l - 3 scrolls of identify {unknown}
 n - 2 scrolls of teleportation {unknown}
 o - a scroll of enchant weapon {unknown}
 r - 3 scrolls of fear {unknown}
Potions
 d - a potion of might
 f - 3 potions of mutation {unknown}
 i - a potion of curing {unknown}
 m - 3 potions of attraction {unknown}


   Skills:
 + Level 5.6 Fighting
 * Level 6.3 Polearms
 - Level 3.2 Armour
 - Level 3.6 Shields


You had 6 spell levels left.
You didn't know any spells.
Your spell library contained the following spells:

 Spells                   Type           Power      Damage    Failure   Level
 Animate Skeleton         Necr           0%         N/A       85%         1
 Apportation              Tloc           0%         N/A       85%         1
 Corona                   Hex            0%         N/A       85%         1
 Summon Small Mammal      Summ           0%         N/A       85%         1


Dungeon Overview and Level Annotations

Branches:
Dungeon (5/15)
 Temple: D:4-7

Altars:
Zin

Annotations:
D:4 3 runed translucent doors, knorpule3000's ghost, novice HuWn
D:5 Pikel


Innate Abilities, Weirdness & Mutations

You cannot be hasted, slowed, berserked, paralysed or teleported.
You can dig through walls and to a lower floor.
You have a pair of large antennae on your head. (SInv)
Your four strong arms can wield two-handed weapons with a shield.


Message History

Pikel barely misses you. The lemure hits you. You block the lemure's attack.
You closely miss Pikel.
Pikel is severely wounded.
Pikel hits you but does no damage. The lemure hits you.
The lemure hits you but does no damage. You block Pikel's attack.
You puncture Pikel!
Pikel is severely wounded.
You block the lemure's attack. The lemure hits you.
Pikel hits you with a +0 whip of flaming.
Pikel burns you. You block the lemure's attack.
You hit Pikel.
Pikel is almost dead.
You block the lemure's attack.
Pikel hits you with a +0 whip of flaming.
Pikel burns you. You block the lemure's attack.
You hit Pikel.
Pikel is almost dead.
You block the lemure's attack.
Pikel hits you with a +0 whip of flaming.
Pikel burns you. You block the lemure's attack.
You closely miss Pikel.
Pikel is almost dead.
The lemure hits you.
Pikel hits you with a +0 whip of flaming.
* * * LOW HITPOINT WARNING * * *
Pikel burns you.
* * * LOW HITPOINT WARNING * * *
You block the lemure's attack. The lemure hits you.
* * * LOW HITPOINT WARNING * * *
You closely miss Pikel.
Pikel is almost dead.
Pikel hits you but does no damage. You block the lemure's attack.
The lemure completely misses you. Pikel hits you but does no damage.
You closely miss Pikel.
Pikel is almost dead.
The lemure hits you.
* * * LOW HITPOINT WARNING * * *
The lemure hits you but does no damage.
Pikel hits you with a +0 whip of flaming.
You die...

.o........#.
##.##.##.## #.
#.## #. .# ...
5...#. ## .. .#
##. #.#...).. #.
#.. .. #.... ..
... {#
#..!##.##....
####.#.Z.##.......
......K55........
#@....##.#
#.....<[.##.
#...........
#.#...#######
#.###.......#
#.......###.#
#.....#†###.###
##.##.#.#.....####
#....#.#.....##.#


You could see Pikel, 3 lemures and an adder skeleton.

Vanquished Creatures
  An ice beast (D:3)
  A lemure (D:4)
  A bullfrog (D:3)
  A scorpion (D:4)
  A water moccasin zombie (D:5)
  A hound (D:4)
  A hound skeleton (D:2)
  6 gnolls
  A howler monkey skeleton (D:4)
  5 adders
  An adder skeleton (D:4)
  A worm (D:2)
  3 dart slugs
  An orc (D:3)
  7 ball pythons
  8 endoplasms
  5 giant cockroaches
  9 goblins
  A hobgoblin (D:1)
  4 jackals (D:2)
  7 kobolds
  6 quokkas
  9 bats
  2 frilled lizards
  4 rats
87 creatures vanquished.

Notes
Turn   | Place    | Note
-------+----------+-------------------------------------------
     0 | D:1      | Delamore the Formicid Fighter began the quest for the Orb.
     0 | D:1      | Reached XP level 1. HP: 18/18 MP: 1/1
    84 | D:1      | Found a faded altar of an unknown god.
   156 | D:1      | Reached XP level 2. HP: 24/24 MP: 2/2
   830 | D:2      | Reached skill level 3 in Polearms
   830 | D:2      | Reached XP level 3. HP: 8/30 MP: 3/3
  1251 | D:2      | Reached XP level 4. HP: 29/37 MP: 4/4
  1872 | D:2      | Reached skill level 4 in Polearms
  1955 | D:2      | Reached XP level 5. HP: 25/42 MP: 5/5
  2594 | D:3      | Noticed a bullfrog
  2601 | D:3      | Killed a bullfrog
  2602 | D:3      | Reached XP level 6. HP: 49/49 MP: 6/6
  2630 | D:3      | Reached skill level 5 in Polearms
  2657 | D:3      | Found a glowing silver altar of Zin.
  3044 | D:3      | Noticed an ice beast
  3054 | D:3      | Killed an ice beast
  3055 | D:3      | Reached skill level 5 in Fighting
  3621 | D:4      | Noticed a steam dragon
  3621 | D:4      | Noticed knorpule3000's ghost (novice HuWn)
  3622 | D:4      | Found a runed translucent gate.
  3623 | D:4      | Found a runed translucent gate.
  3623 | D:4      | Found a runed translucent gate.
  3704 | D:4      | Reached skill level 6 in Polearms
  3704 | D:4      | Reached XP level 7. HP: 48/56 MP: 7/7
  4343 | D:5      | Entered Level 5 of the Dungeon
  4346 | D:5      | Noticed Pikel
  4601 | D:5      | HP: 2/56 [lemure[Pikel] (6)]
  4601 | D:5      | Slain by Pikel

Illustrated notes

Levels and vault maps discovered:
D:1:      psy_arrival_wood_between_worlds, layout_rooms,
          ebering_ecumenical_altar_petrified, minmay_tromino_v7
D:2:      layout_loops_cross
D:3:      layout_loops_corners, amcnicky_altar_gilded, grunt_ministairs_3
D:4:      layout_loops_ring, gammafunk_ghost_split, minivault_24
D:5:      cheibrodos_helix_gallery, layout_loops_cross, serial_shops, shop,
          grunt_ministairs_15, uniq_sigmund, uniq_pikel, uniq_menkaure

Skill      XL: |  1  2  3  4  5  6 |
---------------+-------------------+-----
Polearms       | 3 4 6 |  6.3
Fighting       | 4 5 |  5.6
Armour         | |  3.2
Shields        | |  3.6

Action                   |  1- 3 |  4- 6 |  7- 9 || total
-------------------------+-------+-------+-------++-------
Melee: Trident           |   106 |   171 |    58 ||   335
Throw: Dart              |       |     3 |       ||     3
 Abil: Dig               |       |     6 |       ||     6
 Stab: Sleeping          |     1 |       |       ||     1
Armor: Scale mail        |    19 |       |       ||    19
       Leather armour    |    23 |    54 |    21 ||    98
Dodge: Dodged            |    34 |    65 |    19 ||   118
Block: Kite shield       |    58 |    73 |    32 ||   163

Table legend: (Time is in decaauts)
 A = Elapsed time spent in this place.
 B = Non-inter-level travel time spent in this place.
 C = Inter-level travel time spent in this place.
 D = Time resting spent in this place.
 E = Time spent auto-exploring this place.
 F = Levels seen in this place.
 G = Mean time per level.
                   A        B        C        D        E       F      G
               +--------+--------+--------+--------+--------+-----+--------+
         Total |   4696 |   4517 |    179 |    800 |   2928 |   5 |  939.2 |
       Dungeon |   4696 |   4517 |    179 |    800 |   2928 |   5 |  939.2 |
               +--------+--------+--------+--------+--------+-----+--------+

Top non-repeatable levels by time:
     D:2: 1536 daAuts
     D:3: 1207 daAuts
     D:4: 1072 daAuts
     D:1: 753 daAuts
     D:5: 127 daAuts
